 Dungeon Crawl Stone Soup version 0.29.1-4-g47bece8355 (webtiles) character file.

Game seed: 18036907540198392962

64477 retardedninja the Severer (level 15, -8/144 HPs)
             Began as a Hill Orc Fighter on Dec 8, 2022.
             Was an Initiate of Gozag.
             Killed from afar by an ophan (52 damage)
             ... with a bolt of fire
             ... on level 2 of the Abyss on Dec 9, 2022.
             The game lasted 00:39:09 (31040 turns).

retardedninja the Severer (Hill Orc Fighter)       Turns: 31040, Time: 00:39:09

Health: -8/144     AC: 28    Str: 27    XL:     15   Next: 13%
Magic:  16/16      EV:  9    Int:  8    God:    Gozag
Gold:   2731       SH:  7    Dex: 10    Spells: 14/14 levels left

rFire   . . .      SeeInvis .   a - +3 war axe (venom)
rCold   + . .      Faith    .   c - +0 buckler
rNeg    . . .      Spirit   .   y - +4 plate armour
rPois   .          Reflect  .   (no helmet)
rElec   .          Harm     .   d - +1 cloak {Stlth+}
rCorr   .          Rampage  .   b - +0 pair of gloves
Will    +....      Rage     9%  r - +0 pair of boots
Stlth   ..........              (no amulet)
HPRegen 0.34/turn               (no ring)
MPRegen 0.15/turn               (no ring)

@: on berserk cooldown, hasted, glowing, studying Shields, very quick
A: iridescent scales 1, cold resistance 1, high MP 1, [berserk 2], [no potion
heal 2]
a: Renounce Religion, Potion Petition, Call Merchant, Bribe Branch


You were on level 2 of the Abyss.
You worshipped Gozag.
Gozag was most pleased with you.
You visited 4 branches of the dungeon, and saw 20 of its levels.
You visited the Abyss 1 time.
You also visited: Sewer and Ossuary.

You collected 8685 gold pieces.
You spent 1836 gold pieces at shops.
You paid 4118 gold pieces to Gozag.

Inventory:

Hand Weapons
 a - a +3 war axe of venom (weapon)
Missiles
 O - a throwing net (quivered)
Armour
 b - a +0 pair of gloves (worn)
 c - a +0 buckler (worn)
 d - a +1 cloak of stealth (worn)
 r - a +0 pair of boots (worn)
 y - a +4 plate armour (worn)
Jewellery
 j - a ring of ice
 o - a +6 ring of intelligence
 w - a ring of resist corrosion
 x - a ring of positive energy
 z - a ring of fire
 G - an amulet of the acrobat
Wands
 k - a wand of flame (30)
 m - a wand of mindburst (38)
 n - a wand of iceblast (12)
 A - a wand of paralysis (14)
 I - a wand of polymorph (4)
Scrolls
 f - 5 scrolls of immolation
 g - 3 scrolls of teleportation
 i - 5 scrolls of poison
 l - 2 scrolls of fear
 q - 4 scrolls of torment
 D - a scroll of fog
 L - a scroll of blinking
 N - a scroll of amnesia
Potions
 e - 2 potions of flight
 h - 3 potions of attraction
 s - 4 potions of brilliance
 t - a potion of cancellation
 u - 2 potions of ambrosia
 v - 5 potions of lignification
 B - a potion of magic
Miscellaneous
 C - a condenser vane


   Skills:
 + Level 16.0 Fighting
 + Level 19.6 Axes
 + Level 15.0 Armour
 - Level 4.0 Dodging
 - Level 3.6 Stealth
 + Level 12.6 Shields


You had 14 spell levels left.
You didn't know any spells.
Your spell library contained the following spells:

 Spells                   Type           Power      Damage    Failure   Level
 Apportation              Tloc           0%         N/A       97%         1
 Necrotise                Necr           0%         1d4       97%         1
 Summon Small Mammal      Summ           0%         N/A       97%         1
 Static Discharge         Conj/Air       0%         3-3/arc   99%         2
 Call Canine Familiar     Summ           0%         N/A       100%        3
 Confusing Touch          Hex            0%         N/A       100%        3
 Summon Guardian Golem    Hex/Summ       0%         N/A       100%        3
 Tukima's Dance           Hex            0%         N/A       100%        3
 Dispel Undead            Necr           0%         3d6       100%        4
 Passage of Golubria      Tloc           0%         N/A       100%        4
 Sticky Flame             Conj/Fire      0%         2d3       100%        4
 Silence                  Hex/Air        0%         N/A       100%        5
 Yara's Violent Unravell  Hex/Tmut       0%         3d3       100%        5
 Dispersal                Tloc           0%         N/A       100%        6
 Enfeeble                 Hex            0%         N/A       100%        7
 Orb of Destruction       Conj           0%         9d5       100%        7
 Spellforged Servitor     Conj/Summ      0%         N/A       100%        7
 Disjunction              Tloc           0%         N/A       100%        8
 Lehudib's Crystal Spear  Conj/Erth      0%         10d2      100%        8


Dungeon Overview and Level Annotations

Branches:
Dungeon (12/15)            Temple (1/1) D:6            Lair (5/5) D:11
  Swamp (0/4) Lair:2       Spider (0/4) Lair:3        Slime (0/5) Lair:4
    Orc (2/2) D:10            Elf (0/3) Orc:2         Sewer (visited)
Ossuary (visited)

Altars:
Ashenzari
Cheibriados
Dithmenos
Elyvilon
Fedhas
Gozag
Hepliaklqana
Kikubaaqudgha
Makhleb
Nemelex Xobeh
Okawaru
Qazlal
Ru
Sif Muna
Trog
Uskayaw
Vehumet
Wu Jian
Xom
Yredelemnul
Zin
The Shining One
Beogh

Shops:
D:3 *(!   D:11 :   D:12 (   Orc:2 :*(*

Annotations:
D:12 Erolcha
Lair:4 1 runed translucent door


Innate Abilities, Weirdness & Mutations

You are partially covered in iridescent scales. (AC +2)
Your flesh is cold resistant. (rC+)
You have an increased reservoir of magic. (+10% MP)
[You have an uncontrollable temper.]
[Potions cannot restore your health.]


Message History

You completely miss the ophan.
The ophan is severely wounded.
The ophan harnesses the cleansing power of fire!
The bolt of fire misses you.
You hit the ophan but do no damage.
The ophan looks as sick as possible!
The ophan is severely wounded.
You hit the ophan but do no damage.
The ophan looks as sick as possible!
The ophan is severely wounded.
You barely miss the ophan.
The ophan is severely wounded.
You hit the ophan.
The ophan looks as sick as possible!
The ophan is severely wounded.
The ophan harnesses the cleansing power of fire!
The bolt of fire hits you but does no damage.
You hit the ophan but do no damage.
The ophan is severely wounded.
You closely miss the ophan.
The ophan is almost dead.
You hit the ophan.
The ophan is almost dead.
The ophan calls forth blessed flames!
Blessed fire suddenly surrounds you!
You hit the ophan.
The ophan looks as sick as possible!
The ophan is almost dead.
You closely miss the ophan.
The ophan is almost dead.
The ophan harnesses the cleansing power of fire!
The bolt of fire hits you!!
* * * LOW HITPOINT WARNING * * *
Okay, then. [a] - 315 gold - haste and heal wounds [b] - 140 gold - heal wounds [c] - 252 gold - invisibility and might Purchase which effect?
You no longer have enough gold to bribe branches to halt enemies' attacks and recruit allies.
You feel yourself speed up.
You feel much better.
The ophan harnesses the cleansing power of fire!
The bolt of fire hits you!!!
You die...
Your body crumbles into a pile of gold.

## # ## .
......##....##### . .
.#....#.#...##.. #. #
. ............##.
.#.##.. .
............###..## #
.. .....#...#..##'##.
#..
.....................
. .......§§§§§§
....... .
#§@G§.§......... .
##§§§§§..... .. .
......# #.##.#..
##.#....#### # ....
#......## #.. .
##...#..# . .
#........# . .
.......###


You could see an ophan (extremely poisoned).

Vanquished Creatures
  An orc warlord (Orc:2)
  A dire elephant (Lair:5)
  Fannar (D:12)
  2 hydras (Lair:4)
  An ice dragon (Lair:5)
  3 boulder beetles
  5 two-headed ogres
  2 death yaks (Lair:2)
  An orc high priest (Orc:2)
  Sonja (Orc:2)
  2 bog bodies (Lair:2)
  A lindwurm (Lair:5)
  10 orc knights (Orc:2)
  2 ugly things (D:11)
  A deep elf pyromancer (D:12)
  An orc sorcerer (Orc:2)
  2 cyclopes
  4 black mambas
  Joseph (D:7)
  3 elephants (Lair:5)
  7 torpor snails
  A gargoyle (D:11)
  9 cane toads
  2 rime drakes
  5 komodo dragons
  An unseen horror (D:11)
  2 kobold demonologists (D:9)
  3 tyrant leeches (Lair:5)
  10 hornets
  11 trolls
  11 polar bears
  4 blink frogs
  4 raiju (Lair:5)
  9 saltlings (Orc:2)
  9 dream sheep
  A jumping spider (Lair:3)
  2 shadows (D:10)
  A spriggan (Lair:3)
  A wraith (D:9)
  43 yaks
  4 wyverns
  2 basilisks
  Edmund (D:6)
  An acid dragon (D:10)
  6 wargs
  12 water moccasins
  13 hell hounds (Lair:5)
  An ice beast (D:6)
  28 orc warriors
  A sky beast (D:7)
  13 black bears
  8 ogres
  20 wolves
  2 phantoms
  5 centaurs
  12 bullfrogs
  2 kobold brigands
  A necrophage (D:5)
  A gnoll sergeant (D:8)
  2 scorpions
  9 wights (D:9)
  3 killer bees (D:9)
  2 troll zombies (D:10)
  3 howler monkeys (D:11)
  6 electric eels (Lair:2)
  6 jellies
  5 centaur zombies (Ossuary)
  2 hounds
  13 orc priests
  Crazy Yiuf (D:4)
  7 iguanas
  20 orc wizards
  6 ogre zombies (D:10)
  4 mummies
  2 hound zombies (Ossuary)
  3 gnolls (Orc:1)
  11 adders
  A river rat (D:5)
  2 shadow imps (D:6)
  A white imp (D:8)
  5 ufetubi
  4 adder zombies (Ossuary)
  6 worms
  A dart slug (D:3)
  69 orcs
  9 ball pythons
  2 bats
  15 endoplasms
  7 giant cockroaches (Sewer)
  2 gnoll zombies (Ossuary)
  3 goblins
  6 hobgoblins
  6 jackals
  3 quokkas
  4 frilled lizards
  12 goblin zombies
  A hobgoblin skeleton (D:10)
  7 hobgoblin zombies
  4 jackal zombies (Ossuary)
  9 kobolds
  4 kobold zombies (Ossuary)
  2 orc skeletons (D:10)
  13 orc zombies
  9 rats
  4 rat zombies (Ossuary)
  A butterfly (Lair:4)
  11 pillars of salt (Orc:2)
  A plant (Lair:5)
643 creatures vanquished.

Vanquished Creatures (others)
  11 fungi
  61 plants
  2 starspawn tentacles (Abyss:1)
74 creatures vanquished.

Grand Total: 717 creatures vanquished

Notes
Turn   | Place    | Note
-------+----------+-------------------------------------------
     0 | D:1      | retardedninja the Hill Orc Fighter began the quest for the
                  | Orb.
     0 | D:1      | Reached XP level 1. HP: 19/19 MP: 1/1
   562 | D:1      | Reached XP level 2. HP: 27/27 MP: 2/2
  1209 | D:2      | Reached skill level 3 in Axes
  1614 | D:2      | Reached XP level 3. HP: 32/33 MP: 3/3
  1759 | D:2      | Gained mutation: You occasionally shout uncontrollably at
                  | your foes. [potion of mutation]
  1759 | D:2      | Gained mutation: You passively dampen the noise of your
                  | surroundings. [potion of mutation]
  1759 | D:2      | Gained mutation: You have an increased reservoir of magic.
                  | (+10% MP) [potion of mutation]
  1764 | D:2      | Lost mutation: You passively dampen the noise of your
                  | surroundings. [potion of mutation]
  1764 | D:2      | Lost mutation: You have an increased reservoir of magic.
                  | (+10% MP) [potion of mutation]
  1764 | D:2      | Lost mutation: You occasionally shout uncontrollably at
                  | your foes. [potion of mutation]
  1764 | D:2      | Gained mutation: You have an increased reservoir of magic.
                  | (+10% MP) [potion of mutation]
  1764 | D:2      | Gained mutation: You are partially covered in iridescent
                  | scales. (AC +2) [potion of mutation]
  1764 | D:2      | Gained mutation: Your flesh is cold resistant. (rC+)
                  | [potion of mutation]
  1821 | D:2      | Reached XP level 4. HP: 37/40 MP: 4/4
  2046 | D:3      | Found Perchiar's Assorted Antiques.
  2067 | D:3      | Reached skill level 4 in Axes
  2221 | D:3      | Found Ehuax's Distillery.
  2263 | D:3      | Found Vugoir's Antique Weapon Boutique.
  2292 | D:3      | Noticed an ogre
  2300 | D:3      | Killed an ogre
  2301 | D:3      | Reached skill level 5 in Axes
  2301 | D:3      | Reached XP level 5. HP: 16/46 MP: 5/5
  2700 | D:4      | Noticed a phantom
  2712 | D:4      | Killed a phantom
  2713 | D:4      | Reached XP level 6. HP: 49/53 MP: 6/6
  2936 | D:4      | Reached skill level 6 in Axes
  2993 | D:4      | Found an opulent altar of Gozag.
  3001 | D:4      | Became a worshipper of Gozag Ym Sagoz the Greedy
  3251 | D:4      | Found a sand-covered staircase.
  3261 | Ossuary  | Entered an ossuary
  3387 | Ossuary  | Reached skill level 5 in Armour
  3700 | Ossuary  | Reached skill level 7 in Axes
  3700 | Ossuary  | Reached XP level 7. HP: 60/60 MP: 7/7
  4251 | D:4      | Found a runed translucent door.
  4252 | D:4      | Noticed Crazy Yiuf
  4886 | D:4      | Killed Crazy Yiuf
  4927 | D:5      | Entered Level 5 of the Dungeon
  4946 | D:5      | Reached skill level 8 in Axes
  5084 | D:5      | Found a glowing drain.
  5093 | Sewer    | Entered a sewer
  5298 | Sewer    | Found a viscous altar of Jiyva.
  5304 | Sewer    | Reached skill level 5 in Fighting
  5501 | Sewer    | Reached XP level 8. HP: 58/68 MP: 8/8
  5707 | D:5      | Reached skill level 9 in Axes
  6127 | D:5      | Reached skill level 13 in Axes
  6127 | D:5      | Reached XP level 9. HP: 81/81 MP: 9/9
  6850 | D:6      | Found a staircase to the Ecumenical Temple.
  6933 | Temple   | Entered the Ecumenical Temple
  7615 | D:6      | Found an ornate altar of the Wu Jian Council.
  7693 | D:6      | Noticed Edmund
  7710 | D:6      | Killed Edmund
  8981 | D:7      | You fall into a shaft and drop 3 floors!
  8981 | D:10     | Entered Level 10 of the Dungeon
  8984 | D:10     | Noticed a kobold demonologist
  8984 | D:10     | Noticed a kobold demonologist
  8987 | D:10     | Noticed a hellwing
  8989 | D:10     | Noticed an orange demon
  9007 | D:9      | Reached XP level 10. HP: 78/90 MP: 11/11
  9172 | D:9      | Reached skill level 14 in Axes
  9486 | D:9      | Noticed a two-headed ogre
  9496 | D:9      | Killed a two-headed ogre
  9497 | D:9      | Reached skill level 1 in Stealth
  9626 | D:9      | Paralysed by a hornet for 2 turns
 10485 | D:7      | Identified the +1 sling "Ylac" {venom, Dex+3}
 10637 | D:7      | Noticed Joseph
 10655 | D:7      | Killed Joseph
 10656 | D:7      | Reached XP level 11. HP: 75/97 MP: 12/12
 10995 | D:8      | Reached skill level 15 in Axes
 11388 | D:8      | Noticed a manticore
 11389 | D:8      | Noticed a manticore
 11399 | D:8      | Noticed a seven-headed hydra
 11399 | D:8      | Noticed a deep elf pyromancer
 11417 | D:8      | Noticed a centaur warrior
 11418 | D:8      | Noticed a four-headed hydra
 11543 | D:8      | Noticed a two-headed ogre
 11551 | D:8      | Killed a two-headed ogre
 11601 | D:8      | Reached skill level 10 in Fighting
 11614 | D:8      | Reached skill level 10 in Armour
 12384 | D:10     | Reached skill level 16 in Axes
 12796 | D:10     | Found a staircase to the Orcish Mines.
 13091 | D:10     | Found a radiant altar of Vehumet.
 13519 | D:10     | Identified a scroll of acquirement
 13520 | D:10     | Acquired 734 gold pieces
 13533 | D:11     | Identified the +3 scale mail of Freedom {rF+}
 13535 | D:11     | Found a staircase to the Lair.
 13677 | D:11     | Noticed a red ugly thing
 13696 | D:11     | Killed a red ugly thing
 13697 | D:11     | Reached XP level 12. HP: 90/108 MP: 13/13
 14561 | D:11     | Found Yhio's Self-Improvement Boutique.
 14569 | D:11     | Bought a manual of Shields for 1040 gold pieces
 14976 | Lair:1   | Entered Level 1 of the Lair of Beasts
 14976 | Lair:1   | You fall into a shaft and drop 1 floor!
 16079 | Lair:1   | Reached skill level 17 in Axes
 16840 | Lair:2   | Found a staircase to the Swamp.
 17856 | Lair:2   | Paralysed by a hornet for 1 turns
 18628 | D:3      | Bought a crude war axe for 263 gold pieces
 18628 | D:3      | Identified the +6 war axe of War {distort, rPois rN+ Dex-5}
                  | (You bought it in a shop on level 3 of the Dungeon)
 18628 | D:3      | Bought a runed war axe for 201 gold pieces
 19062 | Lair:3   | Found a hole to the Spider Nest.
 19286 | Lair:3   | Reached XP level 13. HP: 115/119 MP: 14/14
 19615 | Lair:2   | Reached skill level 10 in Shields
 21089 | Lair:4   | Found a runed translucent door.
 21093 | Lair:4   | Found a staircase to the Slime Pits.
 21094 | Lair:4   | Noticed an acid blob
 21692 | Lair:5   | Entered Level 5 of the Lair of Beasts
 23150 | Lair:5   | Reached skill level 18 in Axes
 23713 | Lair:5   | Reached XP level 14. HP: 112/132 MP: 15/15
 23738 | Lair:5   | Noticed a dire elephant
 23757 | Lair:5   | Killed a dire elephant
 25011 | Lair:5   | Identified the +10 quarterstaff "Ilumedu" {speed, rPois
                  | MP+9}
 25098 | Lair:5   | Found a runed translucent door.
 25176 | Lair:5   | Paralysed by a hornet for 3 turns
 25182 | Lair:5   | Paralysed by a hornet for 3 turns
 26334 | Lair:5   | Acquired 1072 gold pieces
 26531 | Orc:1    | Entered Level 1 of the Orcish Mines
 26799 | Orc:2    | Entered Level 2 of the Orcish Mines
 26954 | Orc:2    | Reached skill level 15 in Fighting
 26955 | Orc:2    | Noticed Sonja
 26980 | Orc:2    | Killed Sonja
 28009 | Orc:1    | Reached skill level 19 in Axes
 28325 | Orc:2    | Found a staircase to the Elven Halls.
 28832 | Orc:2    | Noticed an orc warlord
 28840 | Orc:2    | Found Askiom's Assorted Antiques.
 28857 | Orc:2    | Found a roughly hewn altar of Beogh.
 28863 | Orc:2    | Killed an orc warlord
 28867 | Orc:2    | Found Ceuzan's Weapon Shoppe.
 29303 | Orc:2    | Reached XP level 15. HP: 142/143 MP: 16/16
 29969 | Orc:2    | Found Kurulim's Book Shop.
 30006 | Orc:2    | Found Xiteutz's Assorted Antiques.
 30016 | Orc:2    | Reached skill level 15 in Armour
 30175 | Orc:2    | Bought a scroll of brand weapon for 332 gold pieces
 30492 | D:12     | Found Fuelusm's Weapon Shoppe.
 30552 | D:12     | Noticed Fannar
 30566 | D:12     | Killed Fannar
 30630 | D:12     | Noticed Erolcha
 30658 | Abyss:1  | Cast into level 1 of the Abyss (Erolcha)
 30737 | Abyss:1  | Noticed a tentacled starspawn
 30756 | Abyss:2  | Noticed a bone dragon
 30893 | Abyss:2  | Found a corrupted altar of Lugonu.
 30971 | Abyss:2  | Noticed a cacodemon
 30999 | Abyss:2  | Found a runed translucent door.
 31040 | Abyss:2  | Killed from afar by an ophan

Illustrated notes

Levels and vault maps discovered:
D:1:      nzn_arrival_settlement, layout_basic
D:2:      kennysheep_six_static_rooms, layout_loops_ring
D:3:      layout_rooms, serial_shops, shop, nicolae_diamond_shop, shop,
          dreamdust_mushroom_princess
D:4:      nicolae_cairo_tiling_large_dashed, layout_loops_corners,
          grunt_gozag_statues, gup_ossuary_entry_pyramid, serial_bayou_pond_a,
          uniq_crazy_yiuf_cottage
D:5:      layout_loops_ring, lightli_sewer_entry_pipes
D:6:      layout_basic, old_standard_altar, minmay_temple_entry_junction,
          wad_rectangle_vault, uniq_edmund
D:7:      layout_basic, uniq_joseph
D:8:      minmay_recursive_quarters, layout_cave_pools, minivault_12
D:9:      layout_loops_cross
D:10:     layout_irregular_city, mainiacjoe_overflow_cross_hatched,
          zombieorc2_lemuel
D:11:     layout_grid_maze, david_lair_shrubbed, nicolae_shop_self_help
D:12:     layout_cave_pools, serial_co_window_serial, co_window_paths_b,
          co_window_paths_b, co_window_paths_a, co_window_paths_a,
          co_window_cross_1, co_window_broadway_a, co_window_broadway_a,
          co_window_corner_b, co_window_broadway_a, co_window_cross_4,
          glass_columns_c, serial_shops, nicolae_shop_hallway_plus,
          beargit_hepliaklqana_dungeon_heroes, uniq_fannar, uniq_erolcha,
          uniq_snorg
Temple:   hellmonk_temple_of_storms
Lair:1:   layout_layer_cave
Lair:2:   layout_gridlike, skrybe_swamp_entry_bodies, serial_bayou,
          serial_bayou_shore_b, serial_bayou_lagoon_b, serial_bayou_pond_d,
          serial_bayou_pond_b
Lair:3:   layout_roguey, spider_nest_entry_a, grunt_forest_stairs_clearing
Lair:4:   layout_regular_city, slime_entry_2, lemuel_fruit_fields,
          lemuel_fruit_tree, grunt_megastairs_2
Lair:5:   wormcave, layout_hall_layers, hangedman_lair_caniforms_friends,
          gauntlet_entry_generic, st_stairs_12
Orc:1:    layout_diamond_mine, basic_altar
Orc:2:    hellmonk_orc_salted, layout_diamond_mine, uniq_sonja
Abyss:2:  base: Lair:4, hangedman_abyss_shoalhut

Skill      XL: |  1  2  3  4  5  6  7  8  9 10 11 12 13 14 15 |
---------------+----------------------------------------------+-----
Axes           | 3 5 7 8 13 14 16 17 18 19 | 19.6
Fighting       | 4 5 8 9 10 12 14 15 16 | 16.0
Armour         | 4 5 8 9 10 11 13 14 15 | 15.0
Shields        | 4 7 8 9 11 12 | 12.6
Dodging        | 4 |  4.0
Stealth        | 1 3 |  3.6

Action                   |  1- 3 |  4- 6 |  7- 9 | 10-12 | 13-15 || total
-------------------------+-------+-------+-------+-------+-------++-------
Melee: War axe           |    70 |   132 |   344 |   641 |   841 ||  2028
Invok: Potion Petition   |       |       |       |     2 |     8 ||    10
Evoke: Condenser vane    |       |       |       |     1 |       ||     1
  Use: Potion            |     4 |     1 |     3 |     7 |    13 ||    28
       Scroll            |       |       |    25 |    11 |    12 ||    48
 Stab: Invisible         |       |       |     1 |     2 |    12 ||    15
       Distracted        |       |       |       |     6 |    14 ||    20
       Confused          |       |       |       |     3 |       ||     3
Armor: Scale mail        |    19 |       |       |       |       ||    19
       Chain mail        |    18 |    99 |   182 |       |       ||   299
       Plate armour      |       |       |     8 |   321 |   596 ||   925
Dodge: Dodged            |    34 |    65 |   108 |   141 |   321 ||   669
Block: Buckler           |    18 |    34 |    68 |   106 |   230 ||   456
